 Dungeon Crawl Stone Soup version 0.25.0-11-g1f837a76a1 (webtiles) character file.

Game seed: 3564651779567341336

29082 Delamore the Bludgeoner (level 13, -14/83 HPs)
             Began as a Gargoyle Fighter on June 27, 2020.
             Was the Champion of Okawaru.
             Demolished by a polar bear (16 damage)
             ... on level 3 of the Lair of Beasts.
             The game lasted 00:27:32 (20341 turns).

Delamore the Bludgeoner (Gargoyle Fighter)         Turns: 20341, Time: 00:27:33

Health: -14/83     AC: 19    Str: 30    XL:     13   Next: 43%
Magic:  13/13      EV: 10    Int: 10    God:    Okawaru [******]
Gold:   951        SH: 15    Dex:  9    Spells: 12/12 levels left

rFire    + . .     SeeInvis .   S - +1 whip (elec)
rCold    + . .     Gourm    .   c - +1 kite shield
rNeg     + . .     Faith    +   O - +2 scale mail {MR+}
rPois    ∞         Spirit   .   w - +0 helmet
rElec    +         Reflect  .   g - scarf {rC+ rF+}
rCorr    .         Harm     .   (no gloves)
MR       ++...                  (no boots)
Stlth    ..........             Y - amulet of faith
HPRegen  0.23/turn              z - +6 ring of strength
MPRegen  0.13/turn              b - ring of protection from magic

@: brilliant, very slightly contaminated, invisible
A: negative energy resistance 1, electricity resistance, unbreathing,
petrification resistance, rot immunity, AC +9
a: Heroism, Finesse, Renounce Religion


You were on level 3 of the Lair of Beasts.
You worshipped Okawaru.
Okawaru was exalted by your worship.
You were hungry.

You visited 4 branches of the dungeon, and saw 17 of its levels.
You also visited: Ossuary.

You collected 1066 gold pieces.
You spent 115 gold pieces at shops.

Inventory:

Hand Weapons
 a - a +0 flail
 D - a +0 vorpal flail
 S - a +1 whip of electrocution (weapon)
Missiles
 M - 19 poisoned darts (quivered)
 T - 6 atropa-tipped darts
Armour
 c - a +1 kite shield (worn)
 g - a scarf of resistance (worn)
 w - a +0 helmet (worn)
 O - a +2 scale mail of magic resistance (worn)
Jewellery
 b - a ring of protection from magic (right hand)
 h - an uncursed ring of protection from cold
 r - an uncursed amulet of regeneration {unknown}
 y - an uncursed ring of see invisible
 z - a +6 ring of strength (left hand)
 V - an uncursed ring of protection from fire
 Y - an amulet of faith (around neck)
Wands
 j - a wand of digging (6)
 A - a wand of clouds (4)
 J - a wand of polymorph (7)
 K - a wand of flame (13)
 N - a wand of iceblast (4)
 Q - a wand of acid (13)
 U - a wand of paralysis (9)
Scrolls
 l - 3 scrolls of enchant armour
 n - 8 scrolls of remove curse
 q - a scroll of silence
 u - 2 scrolls of magic mapping
 v - 3 scrolls of immolation {unknown}
 C - 5 scrolls of enchant weapon
 E - 6 scrolls of teleportation
 G - 3 scrolls of fog {unknown}
 I - a scroll of torment {unknown}
 P - a scroll of random uselessness {unknown}
Potions
 d - 3 potions of might
 e - 4 potions of flight
 k - 2 potions of brilliance
 o - 2 potions of haste
 p - 3 potions of stabbing
 x - a potion of cancellation
 B - a potion of ambrosia
 F - 3 potions of mutation
Miscellaneous
 Z - a phantom mirror
Comestibles
 f - 26 rations


   Skills:
 - Level 10.4 Fighting
 + Level 15.2 Maces & Flails
 - Level 3.7 Armour
 + Level 14.2 Shields


You had 12 spell levels left.
You didn't know any spells.
Your spell library contained the following spells:

 Spells                   Type           Power        Failure   Level  Hunger
 Animate Skeleton         Necr           N/A          65%         1    None
 Pain                     Necr           #...         65%         1    None
 Shock                    Conj/Air       #...         65%         1    None
 Swiftness                Chrm/Air       #.......     78%         2    None
 Confusing Touch          Hex            #.......     95%         3    None
 Gell's Gravitas          Tloc           #.........   95%         3    None
 Static Discharge         Conj/Air       #.......     95%         3    None
 Vampiric Draining        Necr           #.........   95%         3    None
 Airstrike                Air            #.........   100%        4    None
 Animate Dead             Necr           N/A          100%        4    None
 Petrify                  Tmut/Erth      #.......     100%        4    None
 Agony                    Necr           #.......     100%        5    None
 Lightning Bolt           Conj/Air       #.........   100%        5    None
 Metabolic Englaciation   Hex/Ice        #.........   100%        5    None
 Yara's Violent Unravell  Hex/Tmut       #.........   100%        5    None


Dungeon Overview and Level Annotations

Branches:
Dungeon (12/15)            Temple (1/1) D:7            Lair (3/6) D:11
 Shoals (0/4) Lair:3       Spider (0/4) Lair:2          Orc (1/2) D:9
Ossuary (visited)

Altars:
Ashenzari
Dithmenos
Elyvilon
Gozag
Hepliaklqana
Kikubaaqudgha
Makhleb
Okawaru
Sif Muna
Trog
Zin
The Shining One
Beogh

Shops:
D:4 *   D:9 (   D:11 !

Annotations:
D:12 Frances
Lair:2 exclusion: oklob plant


Innate Abilities, Weirdness & Mutations

You are resistant to torment.
Your stone body is resilient. (AC +9)
You are immune to poison.
You resist negative energy. (rN+)
You are resistant to electric shocks. (rElec)
You can survive without breathing.
You are immune to petrification.
You are immune to rotting.


Message History

The polar bear claws you but does no damage. x2
Okay, then.
Okay, then.
It was a potion of invisibility.
You fade into invisibility!
The polar bear bites you but does no damage.
The polar bear closely misses you. The polar bear claws you.
* * * LOW HITPOINT WARNING * * *
The polar bear bites you but does no damage.
The polar bear claws you but does no damage.
You block the polar bear's attack.
You are very lightly contaminated with residual magic.
You block the polar bear's attack. x2
The polar bear claws you but does no damage.
You are feeling hungry.
You block the polar bear's attack. The polar bear claws you.
* * * LOW HITPOINT WARNING * * *
You block the polar bear's attack. The polar bear bites you!
You die...

##...# ##.......... ##..#
###.......... #..#
#...........# #..##
#.........##. ##..#
##...###### #..# ######..##
#..###.......##
#....P.......<# ##
##..h@........## ##.
##..............# ###..
####..#............# #....
#.#.[P##...........###....
###
##...#####........####.....
##.# ##..###
##........##P.....
..####..##
###.......##..... ....#..P#
#P.....##...... #......##
#######.#......


You could see a polar bear (berserk).

Vanquished Creatures
  Fannar (Lair:2)
  2 hydras
  Erica (Lair:2)
  A centaur warrior (D:12)
  A two-headed ogre (D:12)
  An unseen horror (D:11)
  A wolf spider (D:12)
  An ugly thing (D:11)
  A cyclops (D:11)
  2 manticores
  A merfolk siren (Lair:3)
  3 black mambas
  2 centaur zombies
  An elephant (Lair:1)
  3 spiny frogs
  A komodo dragon (Lair:2)
  A gargoyle (D:11)
  6 trolls
  A merfolk (Lair:3)
  A queen bee (Lair:1)
  3 polar bears (Lair:3)
  Prince Ribbit (D:6)
  A hornet (D:8)
  11 blink frogs
  5 hippogriffs
  2 redbacks (Lair:2)
  19 yaks
  A wyvern (D:8)
  A basilisk (Lair:3)
  2 vampire mosquitoes (D:12)
  Menkaure (Ossuary)
  2 hungry ghosts
  A warg (Orc:1)
  5 porcupines
  6 water moccasins
  4 ice beasts
  7 orc warriors
  A phantom (D:10)
  6 black bears
  5 ogres
  5 centaurs
  9 crocodiles
  4 big kobolds
  Blork the orc (D:5)
  15 bullfrogs
  A gnoll sergeant (D:7)
  A wyvern zombie (D:11)
  5 scorpions
  27 killer bees
  2 howler monkeys (D:5)
  2 electric eels (Lair:1)
  9 crimson imps
  6 jellies
  A quasit (D:9)
  A bullfrog zombie (D:7)
  9 orc priests
  2 hounds
  15 orc wizards
  Jessica (D:2)
  3 iguanas
  7 worker ants
  A hound zombie (D:7)
  A hound skeleton (D:5)
  3 mummies (Ossuary)
  Robin (D:2)
  5 gnolls (D:7)
  2 howler monkey skeletons
  11 adders
  2 shadow imps
  3 oozes (D:2)
  An adder skeleton (D:8)
  2 adder zombies
  A worm (D:3)
  2 dart slugs
  4 leopard geckos
  52 orcs
  4 bats
  6 giant cockroaches
  5 gnoll zombies (Ossuary)
  15 goblins
  9 hobgoblins
  7 jackals
  31 kobolds
  6 quokkas
  6 ball pythons
  A ball python skeleton (D:4)
  3 frilled lizards
  2 gnoll skeletons (Ossuary)
  3 goblin skeletons (Ossuary)
  4 goblin zombies (Ossuary)
  5 hobgoblin skeletons (Ossuary)
  4 hobgoblin zombies (Ossuary)
  5 kobold skeletons (Ossuary)
  2 kobold zombies (Ossuary)
  7 orc skeletons (Ossuary)
  7 orc zombies (Ossuary)
  A quokka skeleton (D:5)
  2 quokka zombies (D:6)
  8 rats
  2 rat skeletons (Ossuary)
  2 rat zombies (Ossuary)
480 creatures vanquished.

Vanquished Creatures (others)
  An orc skeleton (Ossuary)
  A rat zombie (Ossuary)
  15 fungi
  17 plants
34 creatures vanquished.

Grand Total: 514 creatures vanquished

Notes
Turn   | Place    | Note
-------+----------+-------------------------------------------
     0 | D:1      | Delamore the Gargoyle Fighter began the quest for the Orb.
     0 | D:1      | Reached XP level 1. HP: 14/14 MP: 1/1
   183 | D:1      | Reached XP level 2. HP: 19/19 MP: 2/2
   889 | D:2      | Reached XP level 3. HP: 18/24 MP: 3/3
  1273 | D:2      | Reached skill level 3 in Maces & Flails
  1273 | D:2      | Reached XP level 4. HP: 24/29 MP: 4/4
  1404 | D:2      | Noticed Robin
  1422 | D:2      | Killed Robin
  1728 | D:2      | Found an iron altar of Okawaru.
  1754 | D:2      | Became a worshipper of Warmaster Okawaru
  1797 | D:2      | Noticed Jessica
  1804 | D:2      | Killed Jessica
  1804 | D:2      | Reached XP level 5. HP: 19/34 MP: 5/5
  2123 | D:3      | Found a hazy altar of Hepliaklqana.
  2124 | D:3      | Found a bloodstained altar of Trog.
  2130 | D:3      | Found a glowing silver altar of Zin.
  2130 | D:3      | Found a shattered altar of Ashenzari.
  2130 | D:3      | Found a glowing golden altar of the Shining One.
  2131 | D:3      | Found an opulent altar of Gozag.
  2131 | D:3      | Found an ancient bone altar of Kikubaaqudgha.
  2189 | D:3      | Found a shadowy altar of Dithmenos.
  2251 | D:3      | Found a burning altar of Makhleb.
  2809 | D:3      | Reached skill level 5 in Fighting
  3424 | D:4      | Reached skill level 4 in Maces & Flails
  3448 | D:4      | Found Olaah's Assorted Antiques.
  3458 | D:4      | Bought a tiny jasper amulet for 115 gold pieces
  3618 | D:4      | Found a white marble altar of Elyvilon.
  3621 | D:4      | Noticed an ogre
  3638 | D:4      | Killed an ogre
  3638 | D:4      | Reached XP level 6. HP: 8/41 MP: 1/6
  4509 | D:5      | Entered Level 5 of the Dungeon
  4509 | D:5      | Found a sand-covered staircase.
  4544 | Ossuary  | Entered an ossuary
  4879 | Ossuary  | Reached skill level 5 in Maces & Flails
  4894 | Ossuary  | Reached * piety under Okawaru
  4913 | Ossuary  | Noticed Menkaure
  4932 | Ossuary  | Killed Menkaure
  4932 | Ossuary  | Reached XP level 7. HP: 20/47 MP: 2/7
  5455 | D:5      | Reached skill level 6 in Maces & Flails
  5859 | D:5      | Reached XP level 8. HP: 33/53 MP: 5/8
  6187 | D:5      | Noticed Blork the orc
  6210 | D:5      | Killed Blork the orc
  6228 | D:5      | Found a shimmering blue altar of Sif Muna.
  6807 | D:6      | Reached skill level 7 in Maces & Flails
  6849 | D:6      | Reached ** piety under Okawaru
  7535 | D:6      | Reached skill level 8 in Maces & Flails
  7535 | D:6      | Reached XP level 9. HP: 60/60 MP: 9/9
  7574 | D:6      | Noticed Prince Ribbit
  7653 | D:6      | Killed Prince Ribbit
  8075 | D:7      | Reached *** piety under Okawaru
  8411 | D:7      | Found a staircase to the Ecumenical Temple.
  8442 | D:7      | Reached skill level 10 in Fighting
  8456 | Temple   | Entered the Ecumenical Temple
  8705 | D:7      | Reached skill level 9 in Maces & Flails
  9479 | D:8      | Noticed a hornet
  9495 | D:8      | Killed a hornet
  9495 | D:8      | Reached **** piety under Okawaru
  9643 | D:8      | Reached XP level 10. HP: 68/68 MP: 10/10
  9651 | D:8      | Reached skill level 5 in Shields
  9758 | D:8      | Reached skill level 10 in Maces & Flails
 10305 | D:9      | Found a staircase to the Orcish Mines.
 10305 | D:9      | Found Tyka's Weapon Shop.
 10975 | Orc:1    | Entered Level 1 of the Orcish Mines
 10985 | Orc:1    | Received a gift from Okawaru
 11214 | Orc:1    | Found a roughly hewn altar of Beogh.
 11719 | D:10     | Entered Level 10 of the Dungeon
 11797 | D:10     | Reached ***** piety under Okawaru
 11895 | D:10     | Reached skill level 11 in Maces & Flails
 12633 | D:11     | Reached XP level 11. HP: 69/73 MP: 11/11
 12730 | D:11     | Noticed an unseen horror
 12738 | D:11     | Killed an unseen horror
 12803 | D:11     | Noticed a cyclops
 12816 | D:11     | Killed a cyclops
 12816 | D:11     | Received a gift from Okawaru
 13261 | D:11     | Reached skill level 12 in Maces & Flails
 13607 | D:11     | Noticed a green ugly thing
 13622 | D:11     | Killed a green ugly thing
 13673 | D:11     | Reached skill level 10 in Shields
 13728 | D:11     | Found a staircase to the Lair.
 13752 | D:11     | Noticed a six-headed hydra
 13765 | D:11     | Killed a six-headed hydra
 14073 | D:11     | Found Xunutox's Distillery.
 14454 | D:11     | Noticed a manticore
 14458 | D:11     | Killed a manticore
 14529 | D:11     | Received a gift from Okawaru
 14529 | D:11     | Reached skill level 13 in Maces & Flails
 14788 | D:12     | Noticed a two-headed ogre
 14798 | D:12     | Killed a two-headed ogre
 14798 | D:12     | Reached XP level 12. HP: 53/78 MP: 12/12
 14841 | D:12     | Noticed a centaur warrior
 14853 | D:12     | Noticed a centaur warrior
 14878 | D:12     | Killed a centaur warrior
 14893 | D:12     | Noticed Frances
 14893 | D:12     | HP: 1/78 [manticore (4)]
 15218 | Lair:1   | Entered Level 1 of the Lair of Beasts
 16097 | Lair:1   | Reached ****** piety under Okawaru
 16400 | Lair:1   | Reached skill level 14 in Maces & Flails
 16406 | Lair:1   | Received a gift from Okawaru
 18439 | Lair:2   | Noticed Erica
 18453 | Lair:2   | Killed Erica
 18453 | Lair:2   | Reached XP level 13. HP: 47/83 MP: 10/13
 18621 | Lair:2   | Received a gift from Okawaru
 18704 | Lair:2   | Found a hole to the Spider Nest.
 18845 | Lair:2   | Noticed Fannar
 18871 | Lair:2   | Killed Fannar
 19401 | Lair:3   | Reached skill level 15 in Maces & Flails
 20026 | Lair:3   | Found a staircase to the Shoals.
 20339 | Lair:3   | HP: 2/83 [polar bear (4)]
 20341 | Lair:3   | Demolished by a polar bear

Illustrated notes

Levels and vault maps discovered:
D:1:      lemuel_arrival_hallway, layout_loops_ring
D:2:      minmay_evil_eye, layout_basic, lemuel_doored_altar, serial_curves,
          eino_curves_04, eino_curves_04, uniq_jessica, uniq_robin
D:3:      layout_basic, grunt_temple_overflow_open, bloody_makhleb
D:4:      layout_loops_corners, serial_shops, shop_fountains, serial_glass,
          glass_columns_a, glass_columns_c, glass_columns_c, first_ration,
          elyvilon_altar_4
D:5:      layout_loops_cross, serial_bayou, serial_bayou_ford_a,
          serial_bayou_shore_b, serial_bayou_pond_a, serial_bayou_pond_b,
          enter_ossuary_1, tgw_sif
D:6:      kennysheep_big_flooded_room, layout_loops_corners, uniq_prince_ribbit1
D:7:      layout_basic, minmay_temple_entry_sparse_star
D:8:      layout_loops_corners
D:9:      layout_gridville, orc_david_3
D:10:     layout_loops_ring
D:11:     layout_irregular_city, due_lair_maze_entry_diamond, serial_shops, shop
D:12:     layout_loops_cross, grunt_ogre_cave, minivault_28, uniq_frances
Temple:   nicolae_temple_figure_eight
Lair:1:   layout_cave_pods, special_room [special_room_bee], wad_woods_river_01
Lair:2:   layout_hall_layers, spider_nest_entry_webs, minmay_lair_oklob_bushes,
          infiniplex_staircase_pool, uniq_fannar, uniq_erica
Lair:3:   beast_lair_carwin_large_4, layout_cave_pods, elwin_shoals_entry_rooms,
          kennysheep_rathole
Orc:1:    layout_diamond_mine, basic_altar, uniq_erolcha

Skill      XL: |  1  2  3  4  5  6  7  8  9 10 11 12 13 |
---------------+----------------------------------------+-----
Fighting       | 4 5 6 7 9 10 | 10.4
Maces & Flails | 3 4 5 6 8 9 11 13 14 15 | 15.2
Shields        | 4 8 11 13 14 | 14.2
Armour         | |  3.7

Action                   |  1- 3 |  4- 6 |  7- 9 | 10-12 | 13-15 || total
-------------------------+-------+-------+-------+-------+-------++-------
Melee: Flail             |   138 |   110 |   257 |    50 |       ||   555
       Club              |    21 |       |       |       |       ||    21
       Whip              |       |   370 |   358 |  1117 |   227 ||  2072
Throw: Dart              |       |       |    41 |       |       ||    41
Invok: Heroism           |       |       |       |     2 |       ||     2
       Finesse           |       |       |       |     1 |       ||     1
Evoke: Wand              |       |       |    10 |       |       ||    10
  Use: Scroll            |       |     2 |    10 |     3 |     1 ||    16
       Potion            |       |       |     7 |     6 |     2 ||    15
 Stab: Held in net/web   |       |       |       |       |     1 ||     1
  Eat: Chunk             |     1 |    10 |    12 |    25 |     5 ||    53
       Ration            |       |     1 |     1 |     2 |       ||     4
Armor: Scale mail        |    77 |    86 |       |       |    89 ||   252
       Plate armour      |       |   155 |   372 |   559 |     2 ||  1088
       Skin              |       |       |     1 |       |       ||     1
Dodge: Dodged            |    51 |   117 |   163 |   294 |    57 ||   682
Block: Kite shield       |    92 |   233 |    62 |       |   114 ||   501
       Buckler           |       |       |    96 |   250 |     1 ||   347
